 Dungeon Crawl Stone Soup version 0.22-a0-354-g30dfbe6 (webtiles) character file.

308337 iamserjio the Grand Scion (level 21, -8/214 HPs)
             Began as a Gnoll Skald on Apr 16, 2018.
             Was a High Priest of Hepliaklqana.
             Splashed by an acid blob's acid (9 damage)
             ... on level 2 of the Pits of Slime.
             The game lasted 06:15:03 (52932 turns).

iamserjio the Grand Scion (Gnoll Skald)            Turns: 52932, Time: 06:15:03

Health: -8/214     AC: -2    Str: 21    XL:     21   Next: 20%
Magic:  29/39      EV: 26    Int: 21    God:    Hepliaklqana [*****.]
Gold:   1825       SH: 19    Dex: 24    Spells: 9/48 levels left

rFire    + + +     SeeInvis .   P - +10 war axe of Mayhem {speed, *Corrode rElec rF+++ rC+}
rCold    + . .     Gourm    .   v - +3 shield
rNeg     + . .     Faith    .   (armour currently unavailable)
rPois    ∞         Spirit   .   K - +1 helmet {Int+3}
rElec    +         Reflect  +   k - +2 cloak {rPois}
rCorr    .         Harm     .   (gloves currently unavailable)
MR       ++...     Rnd*Rage +   (boots currently unavailable)
Stlth    ++++++....             Q - amulet "Dicheoty" {Reflect *Contam Str+5 Dex+4 SH+2}
HPRegen  0.85/turn              X - ring of protection from magic
MPRegen  0.26/turn              t - ring of wizardry

@: statue-form, corroded, berserk cooldown, slowed, very slow
A: distributed training, reduced essence, fangs 1, talons 1, berserk 1, deformed
body, regeneration 1, robust 1, screaming 1, strong nose
}: 2/15 runes: serpentine, barnacled
a: End Transformation, Recall Ancestor, Ancestor Identity, Transference,
Idealise, Renounce Religion


You were on level 2 of the Pits of Slime.
You worshipped Hepliaklqana.
Hepliaklqana was extremely pleased with you.
You were not hungry.
You were a stone statue.
You visited 8 branches of the dungeon, and saw 37 of its levels.
You visited the Abyss 1 time.

You collected 5545 gold pieces.
You spent 3720 gold pieces at shops.

Inventory:

Hand Weapons
 E - a +5 broad axe of draining
 P - the +10 war axe of Mayhem (weapon) {speed, *Corrode rElec rF+++ rC+}
   (You bought it in a shop on level 10 of the Dungeon)

   Attacks with this weapon are significantly faster.
   It renders you almost immune to fire.
   It protects you from cold.
   It insulates you from electricity.
   It may corrode you when you take damage.
Missiles
 h - 1051 stones (quivered)
Armour
 k - a +2 cloak of poison resistance (worn)
 v - a +3 shield (worn)
 w - a +0 pair of boots (melded)
 C - a +2 robe of magic resistance (melded)
 K - a +1 helmet of intelligence (worn)
 R - a +2 pair of gloves (melded)
Jewellery
 q - an uncursed ring of protection from magic
 t - a ring of wizardry (right hand)
 L - an uncursed ring of see invisible
 Q - the amulet "Dicheoty" (around neck) {Reflect *Contam Str+5 Dex+4 SH+2}
   (You took it off a deep elf demonologist on level 3 of the Elven Halls)

   [amulet of reflection]

   It shields you and reflects attacks.
   It affects your strength (+5).
   It affects your dexterity (+4).
   It causes magical contamination when unequipped.
   It affects your SH (+2).
 X - a ring of protection from magic (left hand)
Wands
 b - a wand of disintegration (10)
 f - a wand of paralysis (17)
 F - a wand of clouds (3)
 J - a wand of acid (15)
 N - a wand of flame (77)
 Y - a wand of digging (3)
Scrolls
 a - 3 scrolls of immolation
 g - 3 scrolls of amnesia
 i - 13 scrolls of remove curse
 l - 5 scrolls of magic mapping
 m - 5 scrolls of teleportation
 u - a scroll of blinking
 y - a scroll of silence
 D - a scroll of torment
 G - 3 scrolls of fear
 H - 6 scrolls of fog
 I - a scroll of holy word {unknown}
Potions
 c - 3 potions of magic
 p - 9 potions of curing
 x - 2 potions of invisibility {unknown}
 z - 4 potions of mutation
 A - a potion of heal wounds
 M - a potion of brilliance {unknown}
 O - a potion of resistance
 T - 3 potions of agility
 U - a potion of cancellation
 V - 3 potions of haste
 W - 4 potions of might
Miscellaneous
 e - 2 phantom mirrors
 j - a fan of gales
 n - a sack of spiders
Comestibles
 d - 51 rations


   Skills:
 + Level 14.2 Fighting
 + Level 13.6 Short Blades
 + Level 13.6 Long Blades
 + Level 13.6 Axes
 + Level 14.2 Maces & Flails
 + Level 13.6 Polearms
 + Level 13.6 Staves
 + Level 13.6 Slings
 + Level 13.6 Bows
 + Level 13.6 Crossbows
 + Level 13.6 Throwing
 + Level 13.8 Armour
 + Level 14.2 Dodging
 + Level 13.6 Stealth
 + Level 13.6 Shields
 + Level 13.6 Unarmed Combat
 + Level 14.3 Spellcasting
 + Level 11.7 Conjurations
 + Level 11.7 Hexes
 + Level 12.7 Charms
 + Level 11.7 Summonings
 + Level 11.7 Necromancy
 + Level 11.7 Translocations
 + Level 11.7 Transmutations
 + Level 11.7 Fire Magic
 + Level 11.7 Ice Magic
 + Level 11.7 Air Magic
 + Level 11.7 Earth Magic
 + Level 11.7 Poison Magic
 + Level 14.7 Invocations
 + Level 13.6 Evocations


You had 9 spell levels left.
You knew the following spells:

 Your Spells              Type           Power        Failure   Level  Hunger
a - Infusion              Chrm           ####         1%          1    None
b - Song of Slaying       Chrm           ######..     1%          2    None
c - Blink                 Tloc           N/A          1%          2    None
d - Spectral Weapon       Hex/Chrm       ######..     1%          3    None
e - Shroud of Golubria    Chrm/Tloc      ######....   1%          2    None
f - Mephitic Cloud        Conj/Pois/Air  ######..     1%          3    None
g - Regeneration          Chrm/Necr      ######....   1%          3    None
h - Tukima's Dance        Hex            ######..     1%          3    None
i - Ensorcelled Hibernat  Hex/Ice        ######       1%          2    None
j - Apportation           Tloc           ######       1%          1    None
k - Statue Form           Tmut/Erth      ######...    2%          6    #####..
l - Summon Forest         Summ/Tloc      ######....   1%          5    ###....
m - Hydra Form            Tmut           ######....   2%          6    #####..


Dungeon Overview and Level Annotations

Branches:
Dungeon (15/15)            Temple (1/1) D:7            Lair (6/6) D:9
 Shoals (4/4) Lair:4        Snake (4/4) Lair:4        Slime (2/5) Lair:5
    Orc (2/2) D:9             Elf (3/3) Orc:2        Vaults (0/5) D:13
 Depths (0/5) D:15

Altars:
Ashenzari
Cheibriados
Dithmenos
Elyvilon
Fedhas
Gozag
Hepliaklqana
Kikubaaqudgha
Makhleb
Nemelex Xobeh
Okawaru
Qazlal
Ru
Sif Muna
Trog
Vehumet
Wu Jian
Zin
The Shining One
Jiyva

Shops:
D:4 [   D:7 :}}   D:10 *   D:14 (   Orc:1 :(   Orc:2 !(!%   Elf:1 [   Elf:2 *
Shoals:1 (   Shoals:3 ([((   Snake:1 %!?

Portals:
Trove: D:13 (give +7 demon blade)

Annotations:
Snake:2 Vashnia


Innate Abilities, Weirdness & Mutations

Your experience applies equally to all skills.
You have very sharp teeth.
Your uncanny sense of smell can sniff out nearby items.
Your life essence is reduced to manifest your ancestor. (-10% HP)
You have sharp toenails.
You tend to lose your temper in combat.
Armour fits poorly on your strangely shaped body.
Your natural rate of healing is unusually fast.
You are robust. (+10% HP)
You occasionally shout uncontrollably at your foes.


Message History

The acid blob spits acid at you. The splash of acid hits you!
The acid corrodes you!
You are splashed with acid!
The acid burns!
The slime creature completely misses you.
The eye of draining gazes at you.
You feel your power leaking away. The acid blob spits acid at you.
The splash of acid hits you!
* * * LOW HITPOINT WARNING * * *
The acid corrodes you!
You are splashed with acid!
The acid burns!
* * * LOW HITPOINT WARNING * * *
You hit the eye of draining but do no damage.
You claw the eye of draining, but do no damage.
You hit the acid blob but do no damage.
Your hands burn!
* * * LOW HITPOINT WARNING * * *
You slash the slime creature!
The slime creature seems less confused.
You block the slime creature's attack. The acid blob hits you!!!
* * * LOW HITPOINT WARNING * * *
You are splashed with acid!
The acid burns!
You die...

##....###.##.#.
#......#........
##..............
##...............
#.....#..#....... #
##......#.J......
#...#.........G..#...
#.....<....JJG......
#...........8JJ.....
.....................
.....#.#.............
....#................
....................#
#...##..##.##..#...##
#### ### ###########


You could see an acid blob, a large slime creature (paralysed), 3 slime
creatures, a shining eye and an eye of draining.

Vanquished Creatures
  Vashnia (Snake:2)
  2 deep elf blademasters
  An acid blob (Slime:2)
  2 deep elf master archers (Elf:3)
  The ghost of Ratty the Crack Shot, an adept CeMo of Okawaru (Snake:4)
  A sphinx (Abyss:3)
  Kirke (Lair:4)
  Ilsuiw (Shoals:4)
  Louise (Snake:4)
  3 deep elf sorcerers
  8 nagarajas
  2 deep elf elementalists (Elf:3)
  8 deep elf demonologists
  A stone giant (Orc:1)
  A dire elephant (D:15)
  Azrael (Snake:2)
  7 deep elf annihilators
  7 merfolk javelineers
  2 deep elf death magi (Elf:3)
  7 merfolk impalers
  The ghost of Goblin1989 the Cleaver, a journeyman DDFi of Makhleb (D:12)
  8 deep elf high priests
  A vault guard (D:13)
  15 naga warriors
  6 hydras
  20 anacondas
  3 merfolk aquamancers
  A centaur warrior (D:15)
  5 merfolk avatars
  2 alligator snapping turtles (Shoals:4)
  A two-headed ogre (D:15)
  A satyr (Shoals:3)
  25 dancing weapons
  3 orc high priests
  A thrashing horror (Abyss:3)
  14 naga sharpshooters
  13 deep elf knights
  14 shock serpents
  Nergalle (D:12)
  2 wretched stars (Abyss:3)
  4 skeletal warriors (D:12)
  7 salamander mystics (Snake:4)
  A sixfirhy (Abyss:3)
  7 sea snakes
  A kraken simulacrum (Shoals:4)
  8 naga ritualists
  An unseen horror (D:14)
  5 deep elf archers
  11 ugly things
  A harpy (Shoals:4)
  A wolf spider (Lair:6)
  4 lindwurms (Snake:4)
  10 fauns
  5 orc knights
  33 deep elf magi
  15 mana vipers
  2 cyclopes
  10 manticores
  2 salamanders
  4 orc sorcerers
  7 guardian serpents
  6 merfolk sirens
  35 black mambas
  An orange demon (Abyss:3)
  2 elephants (Lair:5)
  12 spiny frogs
  19 naga magi
  A water nymph (Shoals:4)
  A smoke demon (Abyss:3)
  A torpor snail (Lair:4)
  2 rime drakes (Lair:4)
  2 kobold demonologists
  6 komodo dragons
  A tormentor (Abyss:3)
  2 ice devils (Lair:6)
  2 yaktaurs (D:15)
  4 trolls
  18 merfolk
  5 hornets
  A wind drake (Shoals:4)
  10 dream sheep
  4 polar bears
  20 hippogriffs
  A raiju (Abyss:3)
  18 slime creatures
  7 blink frogs
  A slime creature (shapeshifter) (Elf:1)
  8 snapping turtles
  A meliai zombie (D:12)
  A hexer (Shoals:4)
  A redback (Lair:6)
  3 wraiths
  A starcursed mass (Abyss:3)
  4 vampires
  11 water elementals
  23 yaks
  2 fire elementals
  12 wyverns
  2 hogs
  11 vampire mosquitoes
  5 basilisks
  A hungry ghost (D:14)
  A neqoxec (Abyss:3)
  3 large abominations (Abyss:3)
  A warg (Orc:1)
  14 water moccasins
  34 nagas
  A soldier ant (D:9)
  An acid dragon (D:15)
  13 orc warriors
  3 hell hounds (Snake:2)
  8 porcupines
  2 sky beasts
  5 black bears
  3 ice beasts
  A hornet zombie (D:15)
  12 ogres
  A black bear (shapeshifter) (Elf:1)
  3 phantoms
  A necrophage (D:10)
  2 boggarts
  19 centaurs
  12 wolves
  9 crocodiles
  4 big kobolds
  13 bullfrogs
  An earth elemental (Elf:1)
  5 scorpions
  5 small abominations (Abyss:3)
  2 killer bees (D:10)
  3 wyvern skeletons
  12 wights
  2 electric eels
  6 howler monkeys
  3 centaur zombies
  2 bullfrog zombies
  3 crimson imps
  A quasit (D:10)
  A bullfrog skeleton (D:12)
  14 orc priests
  A gnoll shaman (D:7)
  4 jellies
  15 orc wizards
  10 centaur skeletons
  4 hounds
  An iguana (D:6)
  11 worker ants
  A statue (D:4)
  2 hound zombies
  A hound skeleton (D:9)
  A worker ant zombie (D:6)
  A howler monkey skeleton (D:6)
  16 gnolls
  9 adders
  6 shadow imps
  4 oozes
  An ufetubus (Abyss:3)
  2 adder zombies (D:6)
  An adder skeleton (D:4)
  3 worms
  A dart slug (D:1)
  4 leopard geckos
  59 orcs
  A ball python (D:4)
  2 giant cockroaches
  8 goblins
  6 hobgoblins
  9 jackals
  5 quokkas
  11 bats
  5 frilled lizards
  19 kobolds
  2 leopard gecko zombies (D:5)
  A quokka skeleton (D:3)
  8 rats
  4 fungi
  5 plants
1072 creatures vanquished.

Vanquished Creatures (collateral kills)
  Bai Suzhen (Shoals:4)
  A deep elf blademaster (Elf:3)
  A deep elf master archer (Elf:3)
  An acid blob (Slime:2)
  Donald (Snake:4)
  4 nagarajas (Snake:4)
  A deep elf demonologist (Elf:2)
  2 deep elf annihilators
  4 merfolk impalers
  3 deep elf death magi
  An ettin (Orc:2)
  2 deep elf high priests (Elf:3)
  A naga warrior (Snake:4)
  A rakshasa (Abyss:3)
  A merfolk avatar (Shoals:2)
  3 merfolk aquamancers
  A two-headed ogre (D:13)
  2 anacondas (Snake:4)
  2 dancing weapons (Elf:2)
  4 naga sharpshooters
  An orc high priest (Orc:2)
  5 shock serpents
  2 deep elf knights (Elf:2)
  An unseen horror (D:15)
  3 sea snakes
  A kraken simulacrum (Shoals:4)
  A deep elf archer (Elf:2)
  A naga ritualist (Snake:2)
  A wizard (Elf:1)
  2 mana vipers
  2 harpies (Shoals:4)
  A shining eye (Slime:1)
  2 ugly things
  5 deep elf magi
  A wolf spider (D:15)
  A manticore (Shoals:4)
  A faun (Shoals:2)
  3 orc sorcerers (Orc:2)
  A salamander (Snake:2)
  3 merfolk sirens (Shoals:4)
  An elephant (Lair:5)
  A centaur zombie (D:12)
  3 guardian serpents
  5 black mambas
  4 naga magi
  A spiny frog (Lair:2)
  3 rime drakes (Lair:4)
  A yaktaur (D:15)
  An ancient zyme (Abyss:3)
  7 merfolk
  2 dream sheep
  A hornet (D:13)
  5 slime creatures (Slime:1)
  2 blink frogs
  7 hippogriffs
  A snapping turtle (Shoals:1)
  A small abomination (Abyss:3)
  2 yaks
  2 redbacks (Lair:6)
  3 water elementals
  A wraith (D:15)
  4 wyverns
  3 basilisks
  A large abomination (Abyss:3)
  Grum (Lair:1)
  A fire elemental (Elf:2)
  A vampire mosquito (D:12)
  A hungry ghost (D:13)
  7 nagas
  3 porcupines
  9 orc warriors
  A black bear (D:11)
  An ice beast (D:11)
  An ogre (Orc:2)
  4 centaurs
  A wolf (Lair:2)
  A crocodile (Lair:6)
  3 bullfrogs
  2 big kobolds
  An earth elemental (Elf:1)
  A scorpion (D:8)
  A killer bee (D:10)
  3 wights
  An electric eel (Elf:3)
  2 howler monkeys (D:11)
  A crimson imp (D:10)
  2 jellies (D:12)
  3 hounds
  4 orc priests
  An iguana (D:10)
  7 orc wizards
  2 worker ants
  2 gnolls (D:8)
  An adder (D:12)
  2 shadow imps (D:8)
  13 orcs
  3 kobolds
  2 butterflies (Lair:3)
  2 fungi (D:9)
  10 plants
  2 tentacles (Shoals:4)
240 creatures vanquished.

Vanquished Creatures (others)
  Nikola (Shoals:4)
  A merfolk aquamancer (Shoals:4)
  A spatial maelstrom (Elf:3)
  A manticore (Shoals:4)
  A black mamba (Snake:2)
  A guardian serpent (Snake:4)
  5 humans (Lair:4)
  A fire elemental (Snake:2)
  3 ancestors (D:9)
  44 hexers
  21 fungi
  30 plants
  A spectral weapon (D:12)
  A starspawn tentacle (Abyss:3)
  6 tentacles (Shoals:4)
118 creatures vanquished.

Grand Total: 1430 creatures vanquished

Notes
Turn   | Place    | Note
-------+----------+-------------------------------------------
     0 | D:1      | iamserjio the Gnoll Skald began the quest for the Orb.
     0 | D:1      | Reached XP level 1. HP: 20/20 MP: 6/6
    61 | D:1      | Reached XP level 2. HP: 12/26 MP: 4/7
   580 | D:1      | Reached XP level 3. HP: 31/31 MP: 5/9
   596 | D:1      | Reached skill level 5 in Spellcasting
  1114 | D:2      | Reached skill level 1 in Invocations
  1263 | D:2      | Reached skill level 1 in Short Blades
  1263 | D:2      | Reached skill level 1 in Long Blades
  1263 | D:2      | Reached skill level 1 in Axes
  1263 | D:2      | Reached skill level 1 in Polearms
  1263 | D:2      | Reached skill level 1 in Staves
  1263 | D:2      | Reached skill level 1 in Slings
  1263 | D:2      | Reached skill level 1 in Bows
  1263 | D:2      | Reached skill level 1 in Crossbows
  1263 | D:2      | Reached skill level 1 in Throwing
  1263 | D:2      | Reached skill level 1 in Stealth
  1263 | D:2      | Reached skill level 1 in Shields
  1263 | D:2      | Reached skill level 1 in Unarmed Combat
  1263 | D:2      | Reached skill level 1 in Evocations
  1263 | D:2      | Reached XP level 4. HP: 27/38 MP: 7/11
  1549 | D:2      | Found a blossoming altar of Fedhas.
  1595 | D:2      | Reached skill level 1 in Conjurations
  1595 | D:2      | Reached skill level 1 in Hexes
  1595 | D:2      | Reached skill level 1 in Summonings
  1595 | D:2      | Reached skill level 1 in Necromancy
  1595 | D:2      | Reached skill level 1 in Translocations
  1595 | D:2      | Reached skill level 1 in Transmutations
  1595 | D:2      | Reached skill level 1 in Fire Magic
  1595 | D:2      | Reached skill level 1 in Ice Magic
  1595 | D:2      | Reached skill level 1 in Air Magic
  1595 | D:2      | Reached skill level 1 in Earth Magic
  1595 | D:2      | Reached skill level 1 in Poison Magic
  1648 | D:2      | Reached XP level 5. HP: 7/43 MP: 6/12
  2920 | D:3      | Found a shattered altar of Ashenzari.
  2943 | D:3      | Learned a level 2 spell: Song of Slaying
  2946 | D:3      | Learned a level 2 spell: Blink
  2965 | D:3      | Learned a level 3 spell: Spectral Weapon
  3047 | D:4      | Found Ikkador's Armour Emporium.
  3053 | D:4      | Bought a +0 cloak of poison resistance for 85 gold pieces
  3713 | D:4      | Reached XP level 6. HP: 50/50 MP: 13/13
  3718 | D:4      | Noticed a phantom
  3862 | D:5      | Entered Level 5 of the Dungeon
  3870 | D:5      | Found a shadowy altar of Dithmenos.
  3935 | D:4      | Found a stormy altar of Qazlal.
  3938 | D:4      | Noticed an air elemental
  3938 | D:4      | Noticed a water elemental
  3938 | D:4      | Noticed a fire elemental
  4203 | D:5      | Reached skill level 5 in Fighting
  4203 | D:5      | Reached skill level 5 in Maces & Flails
  4203 | D:5      | Reached skill level 5 in Dodging
  4212 | D:5      | Noticed a sky beast
  4247 | D:5      | Killed a sky beast
  4247 | D:5      | Reached XP level 7. HP: 42/56 MP: 5/15
  4490 | D:5      | Found a glowing golden altar of the Shining One.
  4563 | D:5      | Found a glowing silver altar of Zin.
  4564 | D:5      | Found an opulent altar of Gozag.
  4991 | D:5      | Found a burning altar of Makhleb.
  5025 | D:4      | Reached XP level 8. HP: 59/63 MP: 11/16
  5094 | D:4      | Found a shattered altar of Ashenzari.
  5191 | D:4      | Found a radiant altar of Vehumet.
  6807 | D:6      | Reached XP level 9. HP: 50/69 MP: 13/18
  7308 | D:7      | Found a deep blue altar of Sif Muna.
  7624 | D:7      | Found Weplienn's Distillery.
  7640 | D:7      | Found Beffizuc's Gadget Shop.
  7949 | D:7      | Learned a level 2 spell: Shroud of Golubria
  7959 | D:7      | Found Daudilep's Gadget Shop.
  7966 | D:7      | Found Wouddeq's Book Shoppe.
  8132 | D:7      | Found a staircase to the Ecumenical Temple.
  8137 | Temple   | Entered the Ecumenical Temple
  8202 | Temple   | Became a worshipper of Hepliaklqana the Forgotten
  8627 | D:4      | Bought the +1 scale mail of the Lily {Dex+4} for 244 gold pieces
  8646 | D:4      | Learned a level 3 spell: Mephitic Cloud
  8650 | D:4      | Learned a level 3 spell: Regeneration
  8877 | D:8      | Found a sparkling altar of Nemelex Xobeh.
  8913 | D:8      | Reached skill level 5 in Armour
  9452 | D:9      | Reached skill level 5 in Invocations
  9487 | D:9      | Reached XP level 10. HP: 18/69 MP: 14/20
  9758 | D:9      | Found a staircase to the Lair.
 10109 | D:9      | Found a bloodstained altar of Trog.
 10120 | D:9      | Reached * piety under Hepliaklqana
 10145 | D:9      | Found a snail-covered altar of Cheibriados.
 10210 | D:9      | Found a white marble altar of Elyvilon.
 10254 | D:9      | Reached skill level 5 in Short Blades
 10254 | D:9      | Reached skill level 5 in Long Blades
 10254 | D:9      | Reached skill level 5 in Axes
 10254 | D:9      | Reached skill level 5 in Polearms
 10254 | D:9      | Reached skill level 5 in Staves
 10254 | D:9      | Reached skill level 5 in Slings
 10254 | D:9      | Reached skill level 5 in Bows
 10254 | D:9      | Reached skill level 5 in Crossbows
 10254 | D:9      | Reached skill level 5 in Throwing
 10254 | D:9      | Reached skill level 5 in Stealth
 10254 | D:9      | Reached skill level 5 in Shields
 10254 | D:9      | Reached skill level 5 in Unarmed Combat
 10254 | D:9      | Reached skill level 5 in Evocations
 10301 | D:10     | Entered Level 10 of the Dungeon
 10675 | D:9      | Found a staircase to the Orcish Mines.
 11248 | D:10     | Found Ureesug's Assorted Antiques.
 11258 | D:10     | Bought a scroll of identify for 56 gold pieces
 11258 | D:10     | Bought a scroll labeled USHYPY OZ ZYURGH for 28 gold pieces
 11258 | D:10     | Bought a fuming cyan potion for 25 gold pieces
 11295 | D:10     | Reached ** piety under Hepliaklqana
 11296 | D:10     | Remembered your ancestor Kotleta as a hexer
 11477 | D:10     | Found a shattered altar of Ashenzari.
 11487 | D:10     | Reached XP level 11. HP: 75/75 MP: 18/22
 11541 | D:10     | Got a crude ivory ring
 12227 | D:11     | Reached skill level 5 in Conjurations
 12227 | D:11     | Reached skill level 5 in Hexes
 12227 | D:11     | Reached skill level 5 in Summonings
 12227 | D:11     | Reached skill level 5 in Necromancy
 12227 | D:11     | Reached skill level 5 in Translocations
 12227 | D:11     | Reached skill level 5 in Transmutations
 12227 | D:11     | Reached skill level 5 in Fire Magic
 12227 | D:11     | Reached skill level 5 in Ice Magic
 12227 | D:11     | Reached skill level 5 in Air Magic
 12227 | D:11     | Reached skill level 5 in Earth Magic
 12227 | D:11     | Reached skill level 5 in Poison Magic
 12804 | D:11     | Identified the ring of Tabesuh {-Tele rF+ rN+ MR+} (You took it off an orc on level 10 of the Dungeon)
 13075 | D:11     | Reached *** piety under Hepliaklqana
 13226 | D:12     | Noticed Nergalle
 13247 | D:12     | Killed Nergalle
 13854 | D:12     | Noticed a five-headed hydra
 13867 | D:12     | Killed a five-headed hydra
 13916 | D:12     | Reached XP level 12. HP: 72/82 MP: 17/24
 14005 | D:12     | Noticed Goblin1989's ghost (journeyman DDFi)
 14045 | D:12     | Killed Goblin1989's ghost
 15197 | Orc:1    | Entered Level 1 of the Orcish Mines
 15275 | Orc:2    | Entered Level 2 of the Orcish Mines
 15295 | Orc:2    | Found a staircase to the Elven Halls.
 15559 | Orc:1    | Found Cepnoung's Book Shop.
 15573 | Orc:1    | Found Rebili Xetho's Antique Weapon Shoppe.
 16131 | Orc:1    | Noticed a stone giant
 16214 | Orc:2    | Noticed an ettin
 16236 | Orc:2    | Killed an ettin
 16780 | Orc:2    | Noticed an orc high priest
 16787 | Orc:2    | Killed an orc high priest
 16789 | Orc:2    | Noticed an orc high priest
 16804 | Orc:2    | Killed an orc high priest
 17078 | Orc:2    | Noticed a soul eater
 17328 | Orc:2    | Noticed an orc high priest
 17771 | Orc:2    | Killed an orc high priest
 17898 | Orc:2    | Found Fulaih's Antique Weapon Emporium.
 17898 | Orc:2    | Found Qubbox's Distillery.
 17900 | Orc:2    | Found Muci's Food Emporium.
 17900 | Orc:2    | Found Lenid's Distillery.
 17913 | Orc:2    | Bought 2 potions of heal wounds for 170 gold pieces
 17915 | Orc:2    | Bought a potion of heal wounds for 60 gold pieces
 17915 | Orc:2    | Bought a potion of heal wounds for 60 gold pieces
 18067 | D:10     | Bought a crude war axe for 238 gold pieces
 18069 | D:10     | Identified the +10 war axe of Mayhem {speed, *Corrode rElec rF+++ rC+} (You bought it in a shop on level 10 of the Dungeon)
 18238 | Lair:1   | Entered Level 1 of the Lair of Beasts
 18294 | Lair:1   | Reached XP level 13. HP: 90/90 MP: 26/26
 18428 | Lair:1   | Reached **** piety under Hepliaklqana
 18696 | Lair:1   | Noticed Grum
 18711 | Lair:1   | Killed Grum
 19639 | Lair:2   | You fall through a shaft for 2 floors!
 19767 | Lair:4   | Found a staircase to the Snake Pit.
 19928 | Lair:4   | Noticed Kirke
 20290 | Lair:3   | Reached ***** piety under Hepliaklqana
 21370 | Lair:4   | Found a staircase to the Shoals.
 21493 | Lair:4   | Killed Kirke
 21493 | Lair:4   | Reached skill level 10 in Spellcasting
 21614 | Lair:4   | Reached XP level 14. HP: 72/98 MP: 21/28
 22582 | Lair:5   | Reached skill level 10 in Fighting
 22582 | Lair:5   | Reached skill level 10 in Maces & Flails
 22582 | Lair:5   | Reached skill level 10 in Dodging
 22729 | Lair:5   | Found a staircase to the Slime Pits.
 23179 | Lair:6   | Entered Level 6 of the Lair of Beasts
 23782 | Lair:6   | Found a frozen archway.
 24471 | Lair:6   | Reached skill level 10 in Invocations
 24742 | Lair:6   | Reached ****** piety under Hepliaklqana
 25397 | D:12     | Found a blossoming altar of Fedhas.
 25890 | D:13     | Learned a level 3 spell: Tukima's Dance
 25893 | D:13     | Learned a level 2 spell: Ensorcelled Hibernation
 25950 | D:13     | Found a portal to a secret trove of treasure.
 25971 | D:13     | Got a heavily runed chain mail
 26054 | D:13     | Found a gate to the Vaults.
 26319 | D:13     | Identified the +2 chain mail of the Demon Prince {Str+4 Stlth-} (You found it on level 13 of the Dungeon)
 26542 | D:13     | Reached XP level 15. HP: 105/105 MP: 23/29
 27134 | D:15     | Entered Level 15 of the Dungeon
 27280 | D:14     | Reached skill level 10 in Armour
 27323 | D:14     | Found Gurokhleu's Antique Weapon Shoppe.
 27791 | D:14     | Found a sacrificial altar of Ru.
 28956 | D:15     | Reached skill level 10 in Charms
 29268 | D:15     | Found a staircase to the Depths.
 29489 | D:15     | Reached skill level 10 in Short Blades
 29489 | D:15     | Reached skill level 10 in Long Blades
 29489 | D:15     | Reached skill level 10 in Axes
 29489 | D:15     | Reached skill level 10 in Polearms
 29489 | D:15     | Reached skill level 10 in Staves
 29489 | D:15     | Reached skill level 10 in Slings
 29489 | D:15     | Reached skill level 10 in Bows
 29489 | D:15     | Reached skill level 10 in Crossbows
 29489 | D:15     | Reached skill level 10 in Throwing
 29489 | D:15     | Reached skill level 10 in Stealth
 29489 | D:15     | Reached skill level 10 in Shields
 29489 | D:15     | Reached skill level 10 in Unarmed Combat
 29489 | D:15     | Reached skill level 10 in Evocations
 30121 | Orc:1    | Bought a book of the Earth for 1040 gold pieces
 30867 | Orc:2    | Bought a potion of cancellation for 136 gold pieces
 30867 | Orc:2    | Bought a potion of mutation for 136 gold pieces
 30869 | Orc:2    | Bought a potion of haste for 120 gold pieces
 31203 | Shoals:1 | Entered Level 1 of the Shoals
 31203 | Shoals:1 | Found Hoepn's Antique Weapon Emporium.
 31453 | Shoals:2 | Got an ichor-stained robe
 31685 | Shoals:3 | Found Rayvaosa's Antique Weapon Shoppe.
 31737 | Shoals:2 | Identified the +2 robe of Impermeability {+Fly} (You found it on level 2 of the Shoals)
 31785 | Shoals:2 | Learned a level 1 spell: Apportation
 32816 | Shoals:1 | Reached XP level 16. HP: 112/112 MP: 24/31
 33557 | Shoals:4 | Entered Level 4 of the Shoals
 33636 | Shoals:3 | Found Worez's Armour Emporium.
 33642 | Shoals:3 | Found Figim's Weapon Shop.
 33882 | Shoals:3 | Found Raas's Weapon Shoppe.
 33914 | Shoals:4 | Noticed Ilsuiw
 33960 | Shoals:4 | Noticed Bai Suzhen
 34463 | Shoals:3 | Learned a level 6 spell: Statue Form
 34716 | D:9      | Learned a level 5 spell: Summon Forest
 35440 | Snake:1  | Entered Level 1 of the Snake Pit
 35823 | Snake:1  | Identified a scroll of acquirement
 36304 | Snake:1  | Found Lucyl's Magic Scroll Shoppe.
 36306 | Snake:1  | Found Panireclyl's Distillery.
 36309 | Snake:1  | Found Ysumooff's Food Shoppe.
 36321 | Snake:1  | Bought a potion of degeneration for 13 gold pieces
 36321 | Snake:1  | Bought a potion of agility for 52 gold pieces
 36670 | Snake:2  | Noticed a nagaraja
 37126 | Snake:2  | Reached XP level 17. HP: 119/119 MP: 17/33
 37163 | Snake:2  | Noticed Azrael
 37173 | Snake:2  | Killed Azrael
 37483 | Snake:2  | Noticed Vashnia
 37830 | Snake:2  | Killed Vashnia
 39997 | Snake:4  | Entered Level 4 of the Snake Pit
 40344 | Snake:4  | Reached skill level 10 in Conjurations
 40344 | Snake:4  | Reached skill level 10 in Hexes
 40344 | Snake:4  | Reached skill level 10 in Summonings
 40344 | Snake:4  | Reached skill level 10 in Necromancy
 40344 | Snake:4  | Reached skill level 10 in Translocations
 40344 | Snake:4  | Reached skill level 10 in Transmutations
 40344 | Snake:4  | Reached skill level 10 in Fire Magic
 40344 | Snake:4  | Reached skill level 10 in Ice Magic
 40344 | Snake:4  | Reached skill level 10 in Air Magic
 40344 | Snake:4  | Reached skill level 10 in Earth Magic
 40344 | Snake:4  | Reached skill level 10 in Poison Magic
 40356 | Snake:4  | Found a white marble altar of Elyvilon.
 40364 | Snake:4  | Noticed Donald
 40478 | Snake:4  | Killed Donald
 40655 | Snake:4  | Reached XP level 18. HP: 126/126 MP: 22/34
 40862 | Snake:4  | Noticed Ratty's ghost (adept CeMo)
 40878 | Snake:4  | Killed Ratty's ghost
 40916 | Snake:4  | Noticed Louise
 40930 | Snake:4  | Killed Louise
 42962 | Snake:4  | Got a serpentine rune of Zot
 43258 | Snake:1  | Bought a scroll of blinking for 120 gold pieces
 43260 | Snake:1  | Bought 2 potions of might for 104 gold pieces
 43260 | Snake:1  | Bought a potion of curing for 39 gold pieces
 43786 | Shoals:1 | Reached XP level 19. HP: 134/134 MP: 33/36
 43949 | Shoals:4 | Noticed Nikola
 44176 | Shoals:4 | Killed Ilsuiw
 44359 | Shoals:4 | Killed Bai Suzhen
 44590 | Shoals:4 | Got a scintillating pewter ring
 44797 | Shoals:4 | Identified the ring "Fouh" {+Inv Str+6 Int-2 Stlth+} (You found it on level 4 of the Shoals)
 44844 | Shoals:4 | Got a barnacled rune of Zot
 44914 | Shoals:4 | Killed Nikola
 45450 | D:7      | Learned a level 6 spell: Hydra Form
 45666 | D:14     | Bought a fine war axe for 289 gold pieces
 45666 | D:14     | Identified the +10 war axe "Kaifoas" {flame, -Tele rC+ Dex+7} (You bought it in a shop on level 14 of the Dungeon)
 45998 | Orc:2    | Bought a potion of heal wounds for 85 gold pieces
 45998 | Orc:2    | Bought a potion of curing for 51 gold pieces
 46000 | Orc:2    | Bought a potion of magic for 96 gold pieces
 46006 | Orc:2    | Bought a potion of curing for 36 gold pieces
 46006 | Orc:2    | Bought a potion of curing for 36 gold pieces
 46067 | Elf:1    | Entered Level 1 of the Elven Halls
 46173 | Elf:1    | Found Wydghi's Armour Shoppe.
 47396 | Elf:2    | Found a huge runed gate.
 47396 | Elf:2    | Found a huge runed gate.
 47396 | Elf:2    | Found a huge runed gate.
 47531 | Elf:2    | Noticed a Brimstone Fiend
 47533 | Elf:2    | Reached XP level 20. HP: 127/141 MP: 33/37
 47692 | Elf:2    | Found Ohiemmuah's Assorted Antiques.
 47700 | Elf:2    | Bought a scroll labeled CEUT ODOIJOCUFEJ for 38 gold pieces
 47972 | Elf:2    | Found a huge runed gate.
 47976 | Elf:2    | Found a huge runed gate.
 48534 | Elf:3    | Entered Level 3 of the Elven Halls
 50354 | Elf:3    | Gained mutation: You have a pair of small antennae on your head. [a neqoxec]
 50355 | Elf:3    | Noticed a Tzitzimitl
 50358 | Elf:3    | Got a twitching jade amulet
 50456 | Elf:3    | Noticed a Tzitzimitl
 50735 | Elf:3    | Lost mutation: You have a pair of small antennae on your head. [potion of mutation]
 50735 | Elf:3    | Gained mutation: Your mind is acute. (Int +2) [potion of mutation]
 50735 | Elf:3    | Gained mutation: You have sharp toenails. [potion of mutation]
 50827 | Elf:3    | Got a shimmering falchion {protect}
 50882 | Elf:3    | Identified the +5 falchion "Qimeseid" {protect, rPois} (You took it off a deep elf demonologist on level 3 of the Elven Halls)
 51190 | Elf:3    | Got an encrusted war axe {chop}
 51195 | Elf:3    | Identified the cursed +3 war axe "Baqokhli" {chop, +Inv rC+} (You took it off a deep elf high priest on level 3 of the Elven Halls)
 51287 | Elf:3    | Cast into level 3 of the Abyss (a deep elf demonologist)
 51348 | Abyss:3  | Gained mutation: Your body sometimes deteriorates upon taking damage. [a neqoxec]
 51451 | Abyss:3  | Found a deep blue altar of Sif Muna.
 51468 | Abyss:3  | Identified Epso's Guide on Transmutation
 51470 | Abyss:3  | Identified the Grimoire of Toxins
 51483 | Abyss:3  | Identified the Almanac of Attacks
 51494 | Abyss:3  | Identified Vuom's Tome of Translocation
 51495 | Abyss:3  | Identified the Grimoire of Shape Shifting
 51529 | Abyss:3  | Identified the Volume of Conjuration
 51531 | Abyss:3  | Identified the Compendium of the Traveller
 51535 | Abyss:3  | Found a deep blue altar of Sif Muna.
 51739 | Elf:3    | Escaped the Abyss
 51744 | Elf:3    | Noticed a Tzitzimitl
 51771 | Elf:3    | Lost mutation: Your mind is acute. (Int +2) [potion of mutation]
 51771 | Elf:3    | Lost mutation: You have sharp toenails. [potion of mutation]
 51771 | Elf:3    | Lost mutation: Your body sometimes deteriorates upon taking damage. [potion of mutation]
 51771 | Elf:3    | Gained mutation: Your natural rate of healing is unusually fast. [potion of mutation]
 51771 | Elf:3    | Gained mutation: You have extremely sharp teeth. [potion of mutation]
 51771 | Elf:3    | Gained mutation: You have a pair of small antennae on your head. [potion of mutation]
 51771 | Elf:3    | Gained mutation: Your muscles are strong. (Str +2) [potion of mutation]
 51783 | Elf:3    | Reached XP level 21. HP: 148/148 MP: 33/39
 51897 | Elf:3    | Got a smoking zirconium amulet
 51939 | Elf:3    | Identified the amulet of Luivvef {Gourm Str+4 SInv} (You took it off a deep elf demonologist on level 3 of the Elven Halls)
 51940 | Elf:3    | Identified the amulet "Dicheoty" {Reflect *Contam Str+5 Dex+4 SH+2} (You took it off a deep elf demonologist on level 3 of the Elven Halls)
 51966 | Elf:3    | Got a crude shortbow
 51989 | Elf:3    | Identified the cursed +0 shortbow "Axtiwk" {freeze, rF+ Dex+3} (You found it on level 3 of the Elven Halls)
 52012 | Elf:3    | Lost mutation: Your muscles are strong. (Str +2) [potion of mutation]
 52012 | Elf:3    | Lost mutation: You have extremely sharp teeth. [potion of mutation]
 52012 | Elf:3    | Gained mutation: Armour fits poorly on your strangely shaped body. [potion of mutation]
 52012 | Elf:3    | Lost mutation: You have a pair of small antennae on your head. [potion of mutation]
 52012 | Elf:3    | Gained mutation: You have sharp toenails. [potion of mutation]
 52012 | Elf:3    | Gained mutation: You are robust. (+10% HP) [potion of mutation]
 52247 | Elf:1    | Bought a +1 helmet of intelligence for 214 gold pieces
 52247 | Elf:1    | Bought a +0 helmet of intelligence for 149 gold pieces
 52575 | Slime:1  | Entered Level 1 of the Pits of Slime
 52647 | Slime:1  | Gained mutation: You tend to lose your temper in combat. [a shining eye]
 52648 | Slime:1  | Gained mutation: You occasionally shout uncontrollably at your foes. [a shining eye]
 52734 | Slime:1  | Found a viscous altar of Jiyva.
 52932 | Slime:2  | HP: 1/214 [acid blob (37)]
 52932 | Slime:2  | Splashed by an acid blob's acid

Vault maps used:
D:1:      lightli_arrival_chessboard
D:2:      nicolae_overflow_crystal_walls
D:3:      evilmike_ruin_ashenzari
D:4:      overflow_temple_1_default, nicolae_qazlal_style_of_elements,
          vehumet_statue, serial_shops, shop, first_ration
D:5:      grunt_temple_overflow_gold_and_silver, nicolae_dithmenos_the_darkroom,
          kennysheep_little_box, bloody_makhleb
D:7:      led_sif_book, minmay_temple_entry_nine_rooms, serial_shops, shop,
          shop, shop, shop
D:8:      nemelex_xobeh_ov_fountains_minmay
D:9:      elyvilon_altar_3, cheibrodos_worm_habitat, lemuel_crystal_altar,
          due_lair_maze_entry_diamond, orc_0_dummy, hangedman_pestilent_swarm,
          nooodl_food_tri
D:10:     serial_shops, shop, basic_altar
D:12:     fedhas_altar_decomposition, uniq_nergalle
D:13:     david_vaults_5, nicolae_trove_entry_free_sample
D:14:     serial_shops, nicolae_shop_temple_entry_statues_fountains,
          basic_altar, hex_medium
D:15:     hangedman_depths_entry_try_elsewhere_first, hangedman_decor_points
Temple:   nicolae_temple_figure_zero
Lair:1:   serial_bayou_shore_a, uniq_grum
Lair:3:   eino_small_chamber_without_monster, patterned_corridor,
          lemuel_fruit_fields
Lair:4:   minmay_shoals_entry_hut, dummy_snake_entry, grunt_megastairs_1,
          uniq_kirke
Lair:5:   dpeg_slime_entry_corner
Lair:6:   hangedman_lair_tendril_chambers, portal_ice_cave_demonic_guard,
          infiniplex_staircase_pool
Shoals:1: serial_shops, nicolae_shop_waterfront, st_sunken_temple
Shoals:3: serial_shops, nicolae_shop_statue_plus, shop,
          nicolae_shop_competitors_out_of_business, shop
Shoals:4: shoals_end_grunt_ice, shoals_ilsuiw_alternative, uniq_bai_suzhen,
          uniq_nikola
Snake:1:  minmay_shop_star
Snake:2:  evilmike_ambush, uniq_azrael, uniq_vashnia
Snake:4:  snake_pit_salamanders_mu, basic_altar, lemuel_fruit_tree, uniq_louise,
          uniq_donald
Slime:1:  basic_altar
Orc:1:    serial_shops, nicolae_shop_crystal, shop, nicolae_orc_bridge_out
Orc:2:    grunt_orc_tribal_feast
Elf:1:    serial_shops, shop, hangedman_elf_disciples
Elf:2:    serial_shops, shop, grunt_ministairs_9
Elf:3:    minmay_elf_hall_not_hex, grunt_megastairs_3
Abyss:3:  nicolae_abyss_rune_left_handed

Skill      XL: |  1  2  3  4  5  6  7  8  9 10 11 12 13 14 15 16 17 18 19 20 |
---------------+-------------------------------------------------------------+-----
Spellcasting   | 5 6 7 8 9 10 11 12 13 14 | 14.3
Invocations    | 1 2 3 4 5 6 7 8 9 10 11 12 13 14 | 14.7
Short Blades   | 1 2 3 4 5 6 7 8 9 10 11 12 13 | 13.6
Long Blades    | 1 2 3 4 5 6 7 8 9 10 11 12 13 | 13.6
Axes           | 1 2 3 4 5 6 7 8 9 10 11 12 13 | 13.6
Polearms       | 1 2 3 4 5 6 7 8 9 10 11 12 13 | 13.6
Staves         | 1 2 3 4 5 6 7 8 9 10 11 12 13 | 13.6
Slings         | 1 2 3 4 5 6 7 8 9 10 11 12 13 | 13.6
Bows           | 1 2 3 4 5 6 7 8 9 10 11 12 13 | 13.6
Crossbows      | 1 2 3 4 5 6 7 8 9 10 11 12 13 | 13.6
Throwing       | 1 2 3 4 5 6 7 8 9 10 11 12 13 | 13.6
Stealth        | 1 2 3 4 5 6 7 8 9 10 11 12 13 | 13.6
Shields        | 1 2 3 4 5 6 7 8 9 10 11 12 13 | 13.6
Unarmed Combat | 1 2 3 4 5 6 7 8 9 10 11 12 13 | 13.6
Evocations     | 1 2 3 4 5 6 7 8 9 10 11 12 13 | 13.6
Conjurations   | 1 2 3 4 5 6 7 8 9 10 11 | 11.7
Hexes          | 1 2 3 4 5 6 7 8 9 10 11 | 11.7
Summonings     | 1 2 3 4 5 6 7 8 9 10 11 | 11.7
Necromancy     | 1 2 3 4 5 6 7 8 9 10 11 | 11.7
Translocations | 1 2 3 4 5 6 7 8 9 10 11 | 11.7
Transmutations | 1 2 3 4 5 6 7 8 9 10 11 | 11.7
Fire Magic     | 1 2 3 4 5 6 7 8 9 10 11 | 11.7
Ice Magic      | 1 2 3 4 5 6 7 8 9 10 11 | 11.7
Air Magic      | 1 2 3 4 5 6 7 8 9 10 11 | 11.7
Earth Magic    | 1 2 3 4 5 6 7 8 9 10 11 | 11.7
Poison Magic   | 1 2 3 4 5 6 7 8 9 10 11 | 11.7
Armour         | 3 4 5 6 7 8 9 10 11 12 13 | 13.8
Fighting       | 5 6 7 8 9 10 11 12 13 14 | 14.2
Maces & Flails | 5 6 7 8 9 10 11 12 13 14 | 14.2
Dodging        | 5 6 7 8 9 10 11 12 13 14 | 14.2
Charms         | 6 7 8 9 10 11 12 | 12.7

Action                   |  1- 3 |  4- 6 |  7- 9 | 10-12 | 13-15 | 16-18 | 19-21 || total
-------------------------+-------+-------+-------+-------+-------+-------+-------++-------
Melee: Mace              |    57 |   150 |   355 |   609 |       |       |       ||  1171
       Bite              |     3 |     8 |    39 |   164 |   166 |   149 |   109 ||   638
       Whip              |       |    12 |       |       |       |       |       ||    12
       Flail             |       |       |       |   305 |    51 |       |       ||   356
       War axe           |       |       |       |     3 |  1160 |  1054 |   898 ||  3115
       Kick              |       |       |       |       |       |       |    78 ||    78
 Fire: Hunting sling     |       |       |     6 |       |       |       |       ||     6
Throw: Stone             |       |     3 |     3 |    19 |    13 |     9 |     5 ||    52
 Cast: Infusion          |    13 |    14 |    26 |    40 |    78 |    61 |    29 ||   261
       Spectral Weapon   |       |       |     1 |     4 |       |       |       ||     5
       Shroud of Golubri |       |       |     1 |    38 |    73 |    63 |    29 ||   204
       Song of Slaying   |       |       |     1 |       |       |       |       ||     1
       Mephitic Cloud    |       |       |       |     7 |     2 |       |       ||     9
       Regeneration      |       |       |       |     1 |     1 |     2 |     1 ||     5
       Ensorcelled Hiber |       |       |       |       |     4 |     1 |       ||     5
       Statue Form       |       |       |       |       |       |    69 |    74 ||   143
       Summon Forest     |       |       |       |       |       |     2 |     2 ||     4
       Hydra Form        |       |       |       |       |       |       |     1 ||     1
Invok: Ancestor Life: He |       |       |       |     1 |       |       |       ||     1
       Ancestor Identity |       |       |       |     1 |       |       |       ||     1
       Recall Ancestor   |       |       |       |       |     1 |     7 |     1 ||     9
Evoke: Wand              |       |       |       |    10 |    11 |       |     7 ||    28
       Phantom mirror    |       |       |       |       |       |     1 |       ||     1
       Phial of floods   |       |       |       |       |       |       |     1 ||     1
  Use: Scroll            |       |     5 |     3 |     5 |     8 |    23 |    27 ||    71
       Potion            |       |       |       |     3 |     7 |     9 |     9 ||    28
 Stab: Sleeping          |       |       |     4 |     5 |     9 |     7 |     8 ||    33
       Distracted        |       |       |     1 |    13 |    32 |    29 |    16 ||    91
       Confused          |       |       |       |    21 |    11 |     9 |    40 ||    81
       Paralysed         |       |       |       |       |    10 |    37 |    32 ||    79
  Eat: Chunk             |     1 |    10 |    13 |    19 |    30 |    31 |    28 ||   132
       Ration            |       |       |     1 |     3 |     5 |    11 |     9 ||    29
Armor: Leather armour    |     8 |       |       |       |       |       |       ||     8
       Ring mail         |     5 |    41 |    83 |       |       |       |       ||   129
       Scale mail        |       |       |    23 |   265 |   163 |       |       ||   451
       Chain mail        |       |       |       |       |   132 |    38 |       ||   170
       Skin              |       |       |       |       |       |   328 |   200 ||   528
       Robe              |       |       |       |       |       |     8 |     9 ||    17
Dodge: Dodged            |    44 |    65 |   154 |   395 |   459 |   772 |   505 ||  2394
Block: Shield            |       |    53 |   134 |   436 |   652 |  1003 |   619 ||  2897
       Buckler           |       |       |    28 |    72 |       |       |       ||   100

Table legend:
 A = Spawn XP
 B = Non-spawn XP
 C = Spawn XP percentage of total XP
 D = Spawn monster count
 E = Non-spawn monster count
 F = Spawn count percentage of total count
 G = Total turns spent on level
                    A         B        C        D         E        F      G
               +---------+---------+-------+---------+---------+-------+---------
         Total |    2881 |  510463 |   0.6 |       9 |    1283 |   0.7 | 52932
               +---------+---------+-------+---------+---------+-------+---------
           D:1 |       0 |      59 |   0.0 |       0 |      26 |   0.0 |  1205
           D:2 |       0 |     114 |   0.0 |       0 |      20 |   0.0 |  1283
           D:3 |       0 |     104 |   0.0 |       0 |      29 |   0.0 |  1267
           D:4 |       0 |     465 |   0.0 |       0 |      19 |   0.0 |   931
           D:5 |       0 |     813 |   0.0 |       0 |      24 |   0.0 |  1577
           D:6 |       0 |     648 |   0.0 |       0 |      26 |   0.0 |  1096
           D:7 |       0 |     858 |   0.0 |       0 |      15 |   0.0 |  1474
           D:8 |       0 |     743 |   0.0 |       0 |      21 |   0.0 |   834
           D:9 |       0 |    4826 |   0.0 |       0 |      47 |   0.0 |  2534
          D:10 |       0 |    2191 |   0.0 |       0 |      33 |   0.0 |  1105
          D:11 |       0 |    2938 |   0.0 |       0 |      39 |   0.0 |  1669
          D:12 |       0 |   10660 |   0.0 |       0 |      56 |   0.0 |  2348
          D:13 |       0 |    6823 |   0.0 |       0 |      28 |   0.0 |  1264
          D:14 |       0 |    7708 |   0.0 |       0 |      32 |   0.0 |  1382
          D:15 |       0 |   14986 |   0.0 |       0 |      46 |   0.0 |  1886
        Lair:1 |       0 |    1732 |   0.0 |       0 |      10 |   0.0 |  1053
        Lair:2 |       0 |    4302 |   0.0 |       0 |      22 |   0.0 |   886
        Lair:3 |       0 |    4892 |   0.0 |       0 |      21 |   0.0 |  1106
        Lair:4 |       0 |   13213 |   0.0 |       0 |      45 |   0.0 |  1835
        Lair:5 |       0 |    5033 |   0.0 |       0 |      15 |   0.0 |  1149
        Lair:6 |       0 |   17843 |   0.0 |       0 |      63 |   0.0 |  1796
      Shoals:1 |       0 |   11627 |   0.0 |       0 |      18 |   0.0 |  1198
      Shoals:2 |       0 |   12774 |   0.0 |       0 |      29 |   0.0 |   981
      Shoals:3 |       0 |   10952 |   0.0 |       0 |      21 |   0.0 |  1475
      Shoals:4 |       0 |   48637 |   0.0 |       0 |      70 |   0.0 |  1127
       Snake:1 |       0 |   20243 |   0.0 |       0 |      37 |   0.0 |  2160
       Snake:2 |       0 |   45112 |   0.0 |       0 |      70 |   0.0 |  1747
       Snake:3 |       0 |   12612 |   0.0 |       0 |      19 |   0.0 |   790
       Snake:4 |       0 |   84377 |   0.0 |       0 |     119 |   0.0 |  3152
       Slime:1 |       0 |    6616 |   0.0 |       0 |      20 |   0.0 |   329
       Slime:2 |       0 |    5514 |   0.0 |       0 |       6 |   0.0 |    28
         Orc:1 |       0 |    2697 |   0.0 |       0 |      20 |   0.0 |   841
         Orc:2 |       0 |   10696 |   0.0 |       0 |      47 |   0.0 |  3069
         Elf:1 |       0 |   18824 |   0.0 |       0 |      32 |   0.0 |  1281
         Elf:2 |       0 |   48985 |   0.0 |       0 |      62 |   0.0 |  1366
         Elf:3 |       0 |   60797 |   0.0 |       0 |      56 |   0.0 |  3180
       Abyss:3 |    2881 |    9049 |  24.1 |       9 |      20 |  31.0 |   452
               +---------+---------+-------+---------+---------+-------+---------
